 Dungeon Crawl Stone Soup version 0.29-a0-813-g4a14ea37d6 (webtiles) character file.

Game seed: 8603302475824742345

16 wilfster70 the Thrower (level 1, 0/25 HPs)
             Began as a Gnoll Wanderer on July 4, 2022.
             Was a Follower of Ru.
             Slain by Terence
             ... wielding a +0 hand axe
              (3 damage)
             ... on level 1 of the Dungeon.
             The game lasted 00:03:10 (1013 turns).

wilfster70 the Thrower (Gnoll Wanderer)             Turns: 1013, Time: 00:03:10

Health: 0/25       AC: 20    Str: 11    XL:     1   Next: 54%
Magic:  1/1        EV:  2    Int: 10    God:    Ru [*.....]
Gold:   31         SH:  0    Dex: 12    Spells: 1/1 levels left

rFire   . . .      SeeInvis .   b - +0 spear
rCold   . . .      Faith    .   (no shield)
rNeg    . . .      Spirit   .   (body armour currently unavailable)
rPois   +          Reflect  .   (helmet currently unavailable)
rElec   .          Harm     .   (cloak currently unavailable)
rCorr   .          Rampage  .   (gloves currently unavailable)
Will    .....      NoTele   +   (boots currently unavailable)
Stlth   ++........              (no amulet)
HPRegen 0.08/turn               (no ring)
MPRegen 0.07/turn               (no ring)

@: tree-form (expiring)
A: stationary, stasis, torment immunity, boosted hp, (fangs 1), inexperienced 1,
strong nose, distributed training
a: Renounce Religion


You were on level 1 of the Dungeon.
You worshipped Ru.
Ru was aware of your devotion.
You were a tree.
You visited 1 branch of the dungeon, and saw 2 of its levels.

You collected 31 gold pieces.

Inventory:

Hand Weapons
 a - a +2 dagger
 b - a +0 spear (weapon)
 c - a +0 spear
Missiles
 f - 4 curare-tipped darts (quivered)
Armour
 i - a +0 chain mail
 j - a +0 ring mail (melded)
Magical Staves
 h - a staff of death
 k - a staff of cold
Scrolls
 e - a scroll of fear
 r - a scroll of identify
Potions
 g - a potion of curing
 l - a potion of brilliance {unknown}


   Skills:
 + Level 2.5 Fighting
 + Level 0.5 Short Blades
 + Level 0.5 Long Blades
 + Level 0.5 Axes
 + Level 0.5 Maces & Flails
 + Level 4.5 Polearms
 + Level 0.5 Staves
 + Level 0.5 Ranged Weapons
 + Level 10.4 Throwing
 + Level 0.5 Armour
 + Level 0.5 Dodging
 + Level 2.3 Stealth
 + Level 0.5 Shields
 + Level 0.5 Unarmed Combat
 + Level 0.5 Spellcasting
 + Level 0.3 Conjurations
 + Level 0.3 Hexes
 + Level 0.3 Summonings
 + Level 0.3 Necromancy
 + Level 0.3 Translocations
 + Level 0.3 Transmutations
 + Level 0.3 Fire Magic
 + Level 0.3 Ice Magic
 + Level 0.3 Air Magic
 + Level 0.3 Earth Magic
 + Level 0.3 Poison Magic
 + Level 0.6 Invocations
 + Level 2.5 Evocations


You had one spell level left.
You didn't know any spells.
Your spell library was empty.

Dungeon Overview and Level Annotations

Branches:
Dungeon (2/15)

Altars:
Ru

Annotations:
D:1 Terence


Innate Abilities, Weirdness & Mutations

You are a tree.
Your roots penetrate the ground, keeping you stationary.
You cannot be teleported.
You are immune to unholy pain and torment.
Your maximum health is greatly increased.
Your equipment is partially melded.
((You have very sharp teeth.))
You are somewhat inexperienced. (-1 XL)
Your uncanny sense of smell can sniff out nearby items.
Your experience applies equally to all skills.


Message History

Terence hits you but does no damage.
You hit Terence but do no damage.
Terence is heavily wounded.
Terence hits you but does no damage.
You barely miss Terence.
Terence is heavily wounded.
Terence hits you but does no damage.
You barely miss Terence.
Terence is heavily wounded.
Terence hits you but does no damage.
You closely miss Terence.
Terence is heavily wounded.
Terence hits you with a +0 hand axe.
* * * LOW HITPOINT WARNING * * *
You hit Terence but do no damage.
Terence is heavily wounded.
You barely miss Terence.
Terence is heavily wounded.
Terence hits you with a +0 hand axe.
* * * LOW HITPOINT WARNING * * *
You hit Terence but do no damage.
Terence is heavily wounded.
Terence is stunned by your conviction and fails to attack.
You hit Terence.
Terence is heavily wounded.
Terence is stunned by your conviction and fails to attack.
You barely miss Terence.
Terence is heavily wounded.
Terence hits you but does no damage.
You closely miss Terence.
Terence is heavily wounded.
Terence hits you but does no damage.
You barely miss Terence.
Terence is heavily wounded.
Terence hits you but does no damage.
You hit Terence but do no damage.
Terence is heavily wounded.
Your transformation is almost over.
Terence hits you with a +0 hand axe.
You die...

#############.#.#
............#.#.#
###########.###.# #####
#.# #.# #...######.# #.#
##...##...#.# #.#
..........#.# #.#
#######...#.###.####
..........'.....♣@.#
...####...#####.##.#####
.......................#
...######.#######..###.#
...# #..............#
...### #########..##..#
.....# #...#..# ...#.#
#...#..########
####.######
#...#..##.....#


You could see Terence.

Vanquished Creatures
  3 ball pythons (D:1)
  3 endoplasms (D:1)
  A giant cockroach (D:1)
  2 hobgoblins (D:1)
  A kobold (D:1)
  A bat (D:1)
  A frilled lizard (D:1)
  3 rats
15 creatures vanquished.

Vanquished Creatures (others)
  A fungus (D:1)
1 creature vanquished.

Grand Total: 16 creatures vanquished

Notes
Turn   | Place    | Note
-------+----------+-------------------------------------------
     0 | D:1      | Reached skill level 10 in Throwing
     0 | D:1      | wilfster70 the Gnoll Wanderer began the quest for the Orb.
     0 | D:1      | wilfster70 set off with the following items: a +2 dagger, 4
                  | curare-tipped darts, a +0 spear, a potion of lignification,
                  | a scroll of fear, a +0 leather armour.
     0 | D:1      | Reached XP level 1. HP: 17/17 MP: 1/1
   136 | D:1      | Reached XP level 2. HP: 18/23 MP: 2/2
   683 | D:1      | Found a faded altar of an unknown god.
   782 | D:1      | Prayed at the altar of an unknown god.
   782 | D:1      | Became a worshipper of Ru the Awakened
   793 | D:1      | Gained mutation: You are somewhat inexperienced. (-1 XL)
                  | [Ru sacrifice]
   793 | D:1      | Reached XP level 1. HP: 17/17 MP: 1/1
   793 | D:1      | Reached * piety under Ru
   979 | D:2      | Noticed Terence
  1013 | D:1      | Slain by Terence

Illustrated notes

Levels and vault maps discovered:
D:1:      dpeg_arrival_central, layout_basic,
          shapermc_ecumenical_altar_acropolis
D:2:      cheibrodos_helix_gallery, layout_rooms, uniq_sigmund, uniq_terence

Skill      XL: | |
---------------+-+-----
Throwing       | | 10.4
Fighting       | |  2.5
Short Blades   | |  0.5
Long Blades    | |  0.5
Axes           | |  0.5
Maces & Flails | |  0.5
Polearms       | |  4.5
Staves         | |  0.5
Ranged Weapons | |  0.5
Armour         | |  0.5
Dodging        | |  0.5
Stealth        | |  2.3
Shields        | |  0.5
Unarmed Combat | |  0.5
Spellcasting   | |  0.5
Conjurations   | |  0.3
Hexes          | |  0.3
Summonings     | |  0.3
Necromancy     | |  0.3
Translocations | |  0.3
Transmutations | |  0.3
Fire Magic     | |  0.3
Ice Magic      | |  0.3
Air Magic      | |  0.3
Earth Magic    | |  0.3
Poison Magic   | |  0.3
Invocations    | |  0.6
Evocations     | |  2.5

Action                   || total
-------------------------++-------
Melee: Spear             ||    52
       Dagger            ||    21
       Bite              ||     5
Invok: Sacrifice Experie ||     1
  Use: Potion            ||     1
       Scroll            ||     1
Armor: Skin              ||    13
       Leather armour    ||     3
       Ring mail         ||    12
Dodge: Dodged            ||    25

Table legend: (Time is in decaauts)
 A = Elapsed time spent in this place.
 B = Non-inter-level travel time spent in this place.
 C = Inter-level travel time spent in this place.
 D = Time resting spent in this place.
 E = Time spent auto-exploring this place.
 F = Levels seen in this place.
 G = Mean time per level.
                   A        B        C        D        E       F      G
               +--------+--------+--------+--------+--------+-----+--------+
         Total |   1007 |    951 |     56 |     74 |    506 |   2 |  503.5 |
       Dungeon |   1007 |    951 |     56 |     74 |    506 |   2 |  503.5 |
               +--------+--------+--------+--------+--------+-----+--------+

Top non-repeatable levels by time:
     D:1: 994 daAuts
     D:2: 13 daAuts
